 Dungeon Crawl Stone Soup version 0.28-a0-1435-g82390b3a13 (webtiles) character file.

Game seed: 2298117770633853570

12161 leviel the Fighter (level 11, -5/99 HPs)
             Began as a Hill Orc Fighter on Jan 10, 2022.
             Was an Elder of Fedhas.
             Slain by a manticore (8 damage)
             ... on level 11 of the Dungeon.
             The game lasted 00:19:17 (13272 turns).

leviel the Fighter (Hill Orc Fighter)              Turns: 13272, Time: 00:19:18

Health: -5/99      AC: 13    Str: 31    XL:     11   Next: 89%
Magic:  15/15      EV: 12    Int: 17    God:    Fedhas [****..]
Gold:   438        SH:  0    Dex:  7    Spells: 10/10 levels left

rFire   . . .      SeeInvis +   g - +12 quarterstaff "Pocs" {venom, Str+3 Int+7 Dex-3}
rCold   + + +      Faith    .   (shield currently unavailable)
rNeg    . . .      Spirit   .   o - +4 skin of Zhor {*Englaciate rC+++ SInv}
rPois   .          Reflect  .   C - +2 hat
rElec   .          Harm     .   K - +0 cloak
rCorr   .          Rampage  .   q - +2 pair of gloves
Will    .....                   (no boots)
Stlth   +.........              (no amulet)
HPRegen 0.26/turn               x - +4 ring of slaying
MPRegen 0.14/turn               m - +6 ring of strength

@: confused, ambrosia-drunk, spiked, studying Axes
A: no striking features
a: Renounce Religion, Wall of Briars, Grow Ballistomycete, Overgrow


You were on level 11 of the Dungeon.
You worshipped Fedhas.
Fedhas was greatly pleased with you.
You visited 2 branches of the dungeon, and saw 12 of its levels.
You also visited: Ossuary and Bailey.

You collected 464 gold pieces.
You spent 26 gold pieces at shops.

Inventory:

Hand Weapons
 a - a +5 vorpal war axe
 g - the +12 quarterstaff "Pocs" (weapon) {venom, Str+3 Int+7 Dex-3}
   (You found it on level 8 of the Dungeon)

   It poisons the flesh of those it strikes.
   Str:       It affects your strength (+3).
   Int:       It affects your intelligence (+7).
   Dex:       It affects your dexterity (-3).
 G - a +3 war axe
Missiles
 e - 2 curare-tipped darts
 H - 2 throwing nets
Armour
 c - a +1 buckler
 o - the +4 skin of Zhor (worn) {*Englaciate rC+++ SInv}
   (You found it on level 8 of the Dungeon)

   It radiates cold, occasionally slowing all nearby creatures who are not
   resistant to cold.
   rC:        It renders you almost immune to cold.
   SInv:      It lets you see invisible.
 q - a +2 pair of gloves (worn)
 C - a +2 hat (worn)
 K - a +0 cloak (worn)
Jewellery
 i - a +6 ring of dexterity
 m - a +6 ring of strength (right hand)
 p - a +6 ring of intelligence
 r - a ring of protection from fire
 x - a +4 ring of slaying (left hand)
 O - a +4 ring of protection
Wands
 b - a wand of polymorph (3)
 j - a wand of iceblast (4)
 v - a wand of paralysis (13) (quivered)
 y - a wand of mindburst (6)
 E - a wand of acid (1)
 F - a wand of flame (26)
Scrolls
 k - 2 scrolls of blinking
 l - 3 scrolls of identify {@r1}
 n - 2 scrolls of teleportation
 s - a scroll of brand weapon
 t - 4 scrolls of fog
 D - a scroll of fear
 I - a scroll of summoning
 L - a scroll of enchant armour {@r2}
Potions
 d - 4 potions of might
 f - 2 potions of magic
 u - 3 potions of flight
 w - 7 potions of curing
 z - 7 potions of ambrosia
 A - a potion of cancellation
 B - a potion of brilliance
 M - a potion of invisibility
Miscellaneous
 J - a phantom mirror
 N - a condenser vane


   Skills:
 - Level 10.0 Fighting
 - Level 8.9 Axes
 + Level 7.1 Staves
 - Level 3.8 Throwing
 - Level 9.2 Armour
 - Level 5.3 Dodging
 - Level 7.9 Shields
 - Level 5.8 Invocations


You had 10 spell levels left.
You didn't know any spells.
Your spell library contained the following spells:

 Spells                   Type           Power      Damage    Failure   Level
 Apportation              Tloc           0%         N/A       24%         1
 Dazzling Flash           Conj/Hex       0%         N/A       56%         3
 Ozocubu's Armour         Ice            0%         N/A       56%         3
 Olgreb's Toxic Radiance  Pois           0%         N/A       93%         4
 Alistair's Intoxication  Tmut/Pois      0%         N/A       100%        5
 Borgnjor's Vile Clutch   Necr/Erth      0%         N/A       100%        5
 Metabolic Englaciation   Hex/Ice        0%         N/A       100%        5
 Simulacrum               Ice/Necr       0%         N/A       100%        6
 Ozocubu's Refrigeration  Ice            0%         4d5       100%        7
 Ignition                 Fire           0%         3d3       100%        8


Dungeon Overview and Level Annotations

Branches:
Dungeon (11/15)            Temple (1/1) D:6         Ossuary (visited)
 Bailey (visited)
   Lair: D:8-11         Orc: D:9-12

Altars:
Ashenzari
Cheibriados
Dithmenos
Elyvilon
Fedhas
Gozag
Hepliaklqana
Kikubaaqudgha
Makhleb
Nemelex Xobeh
Okawaru
Qazlal
Ru
Sif Muna
Trog
Uskayaw
Vehumet
Wu Jian
Xom
Yredelemnul
Zin
The Shining One

Shops:
D:2 ?

Annotations:
D:4 1 runed translucent door, Crazy Yiuf


Message History

The barbed spikes dig painfully into your body as you move.
The electric eel shoots out a bolt of lightning at you!
The bolt of electricity hits you!
* * * LOW HITPOINT WARNING * * *
The barbed spikes dig painfully into your body as you move.
* * * LOW HITPOINT WARNING * * *
The hound bites you.
* * * LOW HITPOINT WARNING * * *
You feel much better. The hound misses you.
The manticore flicks its tail.
The volley of spikes hits you!!
The barbed spikes become lodged in your body.
* * * LOW HITPOINT WARNING * * *
The hound bites you but does no damage. The hound misses you.
The barbed spikes dig painfully into your body as you move.
* * * LOW HITPOINT WARNING * * *
The hound barely misses you. The manticore misses you.
The manticore claws you but does no damage. x2
You feel much better. The hound misses you. The manticore bites you!
The manticore claws you!
* * * LOW HITPOINT WARNING * * *
The manticore claws you but does no damage.
The hound misses you. The hound bites you but does no damage.
You sock the manticore!
The manticore is poisoned.
The manticore is moderately wounded.
The hound bites you.
* * * LOW HITPOINT WARNING * * *
The manticore bites you!
* * * LOW HITPOINT WARNING * * *
The manticore claws you.
* * * LOW HITPOINT WARNING * * *
The manticore completely misses you. The hound closely misses you.
The hound bites you but does no damage.
Okay, then.
You are confused.
You feel invigorated. The hound barely misses you. The manticore bites you.
* * * LOW HITPOINT WARNING * * *
The manticore completely misses you. The manticore claws you!
You die...
Fedhas appreciates your contribution to the ecosystem.

.......#......#....(...≈≈≈h
..##...##.....#......S≈≈S≈≈
.......##...........(..≈≈≈≈
. ..................(..≈..≈
.####...####..SS...≈
........####........
...................#
........H##....#####
.#.......@#........
##...###hh......... #....
##.....#...#
#............##..##
##.#............##
###..?......##.#
##...#.#.... # #.#####.###.
.. .. .


You could see a manticore (very poisoned) and 2 hounds.

Vanquished Creatures
  An orc warlord (Bailey)
  Harold (D:7)
  Erica (D:9)
  6 orange demons (D:10)
  A rime drake (D:8)
  Psyche (D:9)
  2 red devils (D:10)
  A queen bee (D:10)
  A troll (D:9)
  A shadow (D:11)
  A wraith (D:10)
  4 wyverns
  Grum (D:10)
  A steam dragon (D:7)
  An acid dragon (D:9)
  A water moccasin (D:6)
  Duvessa (D:5)
  6 orc warriors
  A hornet zombie (D:7)
  The ghost of Bediveer the Skirmisher, an amateur MiFi of Yredelemnul (D:4)
  2 black bears (D:7)
  3 wolves (D:10)
  3 necrophages
  2 ogres
  A centaur (D:8)
  A phantom (D:3)
  2 kobold brigands
  2 bullfrogs
  2 scorpions
  Dowan (D:5)
  30 killer bees
  8 wights
  2 howler monkeys
  3 centaur zombies
  4 hounds
  A gnoll shaman (D:4)
  3 orc priests
  3 jellies
  An iguana (D:6)
  A centaur skeleton (D:7)
  4 orc wizards
  A killer bee zombie (D:9)
  A hound skeleton (D:4)
  13 mummies (Ossuary)
  2 howler monkey zombies
  4 gnolls (D:4)
  A howler monkey skeleton (D:6)
  6 adders
  A white imp (D:7)
  2 ufetubi
  An adder skeleton (D:4)
  5 worms
  2 dart slugs (D:1)
  34 orcs
  6 endoplasms
  2 giant cockroaches
  8 goblins
  10 hobgoblins
  5 quokkas
  10 ball pythons
  6 bats
  5 frilled lizards
  3 gnoll skeletons (Ossuary)
  3 goblin skeletons (Ossuary)
  A goblin zombie (D:5)
  A jackal zombie (D:5)
  23 kobolds
  A kobold skeleton (Ossuary)
  2 kobold zombies (D:5)
  An orc skeleton (Ossuary)
  5 rats
  11 rat skeletons (Ossuary)
  5 bushes (D:1)
294 creatures vanquished.

Notes
Turn   | Place    | Note
-------+----------+-------------------------------------------
     0 | D:1      | leviel the Hill Orc Fighter began the quest for the Orb.
     0 | D:1      | Reached XP level 1. HP: 19/19 MP: 1/1
   153 | D:1      | Found a faded altar of an unknown god.
   237 | D:1      | Reached XP level 2. HP: 27/27 MP: 2/2
   569 | D:1      | Reached skill level 4 in Fighting
   787 | D:1      | Reached XP level 3. HP: 33/33 MP: 3/3
  1697 | D:2      | Found Intoetre's Magic Scroll Shop.
  1703 | D:2      | Bought a scroll of identify for 26 gold pieces
  1758 | D:2      | Reached XP level 4. HP: 39/40 MP: 4/4
  2225 | D:3      | Noticed a phantom
  2232 | D:3      | Killed a phantom
  2233 | D:3      | Reached XP level 5. HP: 29/47 MP: 5/5
  3189 | D:4      | Found a runed translucent door.
  3214 | D:4      | Noticed a necrophage
  3228 | D:4      | Killed a necrophage
  3229 | D:4      | Reached skill level 5 in Fighting
  3229 | D:4      | Reached XP level 6. HP: 43/56 MP: 6/6
  3257 | D:4      | Noticed Bediveer's ghost (amateur MiFi)
  3285 | D:4      | Killed Bediveer's ghost
  3286 | D:4      | Reached skill level 5 in Axes
  3553 | D:4      | Reached skill level 5 in Armour
  3561 | D:4      | Reached skill level 5 in Shields
  3561 | D:4      | Reached XP level 7. HP: 30/61 MP: 7/7
  3776 | D:4      | Found a runed translucent door.
  3777 | D:4      | Noticed Crazy Yiuf
  4311 | D:4      | Reached skill level 6 in Fighting
  4733 | D:5      | Entered Level 5 of the Dungeon
  4808 | D:5      | Found a sand-covered staircase.
  4832 | Ossuary  | Entered an ossuary
  5358 | D:5      | Found a snail-covered altar of Cheibriados.
  5395 | D:5      | Reached XP level 8. HP: 70/71 MP: 8/8
  5430 | D:5      | Found a sparkling altar of Nemelex Xobeh.
  5430 | D:5      | Found a radiant altar of Vehumet.
  5486 | D:5      | Identified the +2 robe of Zevus {rN+ Regen+ Str+4}
  5518 | D:5      | Found a sacrificial altar of Ru.
  5595 | D:5      | Noticed Dowan
  5601 | D:5      | Killed Dowan
  5609 | D:5      | Noticed Duvessa
  5621 | D:5      | Killed Duvessa
  5943 | D:5      | Reached skill level 1 in Dodging
  6379 | D:6      | Found a staircase to the Ecumenical Temple.
  6439 | Temple   | Entered the Ecumenical Temple
  6532 | Temple   | Became a worshipper of Fedhas Madash
  6660 | D:6      | Reached skill level 7 in Fighting
  6764 | D:6      | Reached XP level 9. HP: 68/79 MP: 9/9
  7450 | D:7      | Reached * piety under Fedhas
  7525 | D:7      | Noticed Harold
  7538 | D:7      | Killed Harold
  7539 | D:7      | Reached skill level 8 in Fighting
  7762 | D:7      | Found a broken altar of Ashenzari.
  7977 | D:7      | Found a bloodstained altar of Trog.
  8059 | D:8      | Found a basalt altar of Yredelemnul.
  8146 | D:8      | Reached XP level 10. HP: 87/90 MP: 10/10
  8176 | D:8      | Reached skill level 1 in Invocations
  8189 | D:8      | Identified the +12 quarterstaff "Pocs" {venom, Str+3 Int+7
                  | Dex-3}
  8220 | D:8      | Reached skill level 1 in Throwing
  8281 | D:8      | Found the +4 skin of Zhor {*Englaciate rC+++ SInv}
  8292 | D:8      | Reached ** piety under Fedhas
  8293 | D:8      | Reached skill level 1 in Staves
  8965 | D:9      | Found a flagged portal.
  9054 | Bailey   | Entered a bailey
  9059 | Bailey   | Noticed an orc warlord
  9165 | Bailey   | Found a runed translucent gate.
  9165 | Bailey   | Found a runed translucent gate.
  9165 | Bailey   | Found a runed translucent gate.
  9524 | Bailey   | Killed an orc warlord
  9525 | Bailey   | Reached skill level 9 in Fighting
  9539 | Bailey   | Got the Collected Works on Ashen Enchantment
  9712 | Bailey   | Acquired a manual of Axes
 10085 | D:9      | Noticed Erica
 10096 | D:9      | Killed Erica
 10354 | D:9      | Noticed Psyche
 10363 | D:9      | Killed Psyche
 10363 | D:9      | Reached *** piety under Fedhas
 10364 | D:9      | Reached XP level 11. HP: 93/97 MP: 12/14
 10751 | D:10     | Entered Level 10 of the Dungeon
 10878 | D:10     | Reached skill level 5 in Dodging
 10878 | D:10     | Reached skill level 5 in Invocations
 11176 | D:10     | Noticed Grum
 11744 | D:10     | Reached skill level 10 in Fighting
 11751 | D:10     | Reached skill level 5 in Staves
 11997 | D:10     | Reached **** piety under Fedhas
 12601 | D:10     | Found a shimmering blue altar of Sif Muna.
 12704 | D:10     | Killed Grum
 13245 | D:11     | Noticed a manticore
 13272 | D:11     | HP: 3/99 [manticore (5)]
 13272 | D:11     | Slain by a manticore

Illustrated notes

Levels and vault maps discovered:
D:1:      dpeg_arrival_chambers_temple_mockup, layout_basic,
          chequers_ecumenical_altar_simple, minmay_hedge_maze, nrook_mini_vaults
D:2:      layout_loops_corners, serial_shops, nicolae_shop_stone,
          minmay_pentomino_w4
D:3:      layout_basic
D:4:      layout_basic, serial_glass, glass_columns_a, glass_columns_a,
          ebering_ghost_reflecting_pool, uniq_crazy_yiuf_cottage
D:5:      layout_loops_cross, nicolae_ru_path_of_blood, cheibrodos_worm_habitat,
          gammafunk_temple_overflow_wave, enter_ossuary_3, uniq_duvessa
D:6:      layout_basic, minmay_temple_entry_mist
D:7:      layout_cave_pools, mainiacjoe_overflow_big_doors, uniq_harold
D:8:      layout_basic, mainiacjoe_overflow_catwalk,
          hellmonk_guarded_unrand_zhor
D:9:      layout_basic, enter_bailey_8, uniq_erica, uniq_psyche
D:10:     layout_roguey [special_room_bee], mainiacjoe_overflow_brackets,
          minmay_beelzebubs_servants, uniq_grum
D:11:     dragon1_lemuel, layout_cave_pools, erik_lair_island,
          kennysheep_orc_monster_closet_entryway, grunt_decor_one_mirror
Temple:   nicolae_temple_great_sept

Skill      XL: |  1  2  3  4  5  6  7  8  9 10 11 |
---------------+----------------------------------+-----
Axes           | 3 4 5 6 7 8 |  8.9
Fighting       | 4 5 6 7 8 9 10 | 10.0
Armour         | 4 5 6 7 8 9 |  9.2
Shields        | 4 5 6 7 |  7.9
Dodging        | 2 3 4 5 |  5.3
Invocations    | 4 5 |  5.8
Throwing       | 2 3 |  3.8
Staves         | 3 7 |  7.1

Action                   |  1- 3 |  4- 6 |  7- 9 | 10-12 || total
-------------------------+-------+-------+-------+-------++-------
Melee: War axe           |   239 |    84 |   275 |    11 ||   609
       Quarterstaff      |       |       |       |   301 ||   301
Throw: Dart              |       |       |       |     1 ||     1
  Use: Scroll            |     6 |     1 |    20 |     5 ||    32
       Potion            |       |       |     1 |    12 ||    13
 Stab: Sleeping          |       |       |     2 |       ||     2
Armor: Scale mail        |    38 |    26 |    23 |       ||    87
       Robe              |       |       |    60 |     5 ||    65
       Animal skin       |       |       |       |   132 ||   132
Dodge: Dodged            |    49 |    34 |    99 |   251 ||   433
Block: Buckler           |    20 |    25 |    72 |     9 ||   126

Table legend: (Time is in decaauts)
 A = Elapsed time spent in this place.
 B = Non-inter-level travel time spent in this place.
 C = Inter-level travel time spent in this place.
 D = Time resting spent in this place.
 E = Time spent auto-exploring this place.
 F = Levels seen in this place.
 G = Mean time per level.
                   A        B        C        D        E       F      G
               +--------+--------+--------+--------+--------+-----+--------+
         Total |  13465 |  13014 |    451 |   2835 |   7798 |  14 |  961.8 |
       Dungeon |  12113 |  11693 |    420 |   2411 |   7311 |  11 | 1101.2 |
        Temple |    103 |     72 |     31 |      0 |     60 |   1 |  103.0 |
       Ossuary |    505 |    505 |      0 |      0 |    340 |   1 |  505.0 |
        Bailey |    742 |    742 |      0 |    424 |     87 |   1 |  742.0 |
               +--------+--------+--------+--------+--------+-----+--------+

Top non-repeatable levels by time:
    D:10: 2043 daAuts
     D:4: 1752 daAuts
     D:9: 1493 daAuts
     D:1: 1154 daAuts
     D:2: 1147 daAuts
     D:5: 1074 daAuts
     D:6: 1055 daAuts
     D:8: 877 daAuts
     D:3: 804 daAuts
  Bailey: 742 daAuts
     D:7: 621 daAuts
 Ossuary: 505 daAuts
  Temple: 103 daAuts
    D:11: 88 daAuts
